 Dungeon Crawl Stone Soup version 0.26-a0-546-g3c2127501a (webtiles) character file.

Game seed: 11452607205304975785

(classic levelgen) 157936 EnegeticOcto the Severer (level 16, -5/146 HPs)
             Began as a Deep Dwarf Fighter on Aug 19, 2020.
             Was a High Priest of Makhleb.
             Slain by an eldritch tentacle (6 damage)
             ... called by a mad acolyte of Lugonu
             ... while petrified by an eldritch tentacle
             ... on level 5 of the Abyss.
             The game lasted 00:50:37 (5392 turns).

EnegeticOcto the Severer (Deep Dwarf Fighter)       Turns: 5392, Time: 00:50:37

Health: -5/146     AC: 18    Str: 30 (32) XL:     16   Next: 12%
Magic:  0/0        EV:  2    Int:  5      God:    Makhleb [*****.]
Gold:   400        SH:  0    Dex:  5 (7)  Spells: 15/15 levels left

rFire    . . .     SeeInvis +   J - +6 broad axe "Zeositoi" {vorpal, Str+3}
rCold    + . .     Faith    +   K - +4 kite shield "Koezxoan" {Str+4}
rNeg     + + +     Spirit   .   I - +2 chain mail {rC+}
rPois    ∞         Reflect  .   L - +2 hat
rElec    +         Harm     .   C - +0 cloak
rCorr    .                      (no gloves)
MR       +++++                  m - +1 pair of boots
Stlth    ..........             q - amulet of faith
HPRegen  0.00/turn              k - ring of see invisible
MPRegen  0.07/turn              b - ring "Iptazukk" {rElec rN+ MR+++ Str+4 Int-2 Dex-5}

@: mighty, petrified, non-regenerating, mildly diseased, slowed
A: damage resistance, heal wounds, [deterioration 2], [dopey 2], low mp 1[+2],
negative energy resistance 1, sense surroundings 2, [weak 2], no regeneration
}: 3/15 runes: barnacled, abyssal, gossamer
a: Heal Wounds, Minor Destruction, Lesser Servant of Makhleb, Major Destruction,
Greater Servant of Makhleb, Renounce Religion


You were on level 5 of the Abyss.
You worshipped Makhleb.
Makhleb was extremely pleased with you.
You visited 5 branches of the dungeon, and saw 24 of its levels.
You visited the Abyss 1 time.
You also visited: Sewer.

You collected 1222 gold pieces.
You spent 822 gold pieces at shops.

Inventory:

Hand Weapons
 i - a +2 dagger of distortion
 A - the +7 hand axe of Light {venom, MR+, unknown}
   (You found it on level 5 of the Abyss)

   It poisons the flesh of those it strikes.
   It affects your resistance to hostile enchantments.
 J - the +6 broad axe "Zeositoi" (weapon) {vorpal, Str+3}
   (You bought it in a shop on level 2 of the Orcish Mines)

   It inflicts extra damage upon your enemies.
   It affects your strength (+3).
Missiles
 h - 5 curare-tipped darts
 O - 4 throwing nets (quivered) {!f}
Armour
 m - a +1 pair of boots (worn)
 C - a +0 cloak (worn)
 G - a +0 plate armour
 I - a +2 chain mail of cold resistance (worn)
 K - the +4 kite shield "Koezxoan" (worn) {Str+4}
   (You bought it in a shop on level 2 of the Orcish Mines)

   It affects your strength (+4).
 L - a +2 hat (worn)
Jewellery
 b - the ring "Iptazukk" (right hand) {rElec rN+ MR+++ Str+4 Int-2 Dex-5}
   (You found it on level 4 of the Shoals)

   [ring of positive energy]

   It affects your strength (+4).
   It affects your intelligence (-2).
   It affects your dexterity (-5).
   It insulates you from electricity.
   It protects you from negative energy.
   It affects your resistance to hostile enchantments.
 k - a ring of see invisible (left hand)
 q - an amulet of faith (around neck)
 w - a +6 ring of strength
 B - an uncursed ring of poison resistance
Wands
 f - a wand of iceblast (3) {@v2}
 n - a wand of digging (10) {@v3}
 o - a wand of random effects (6)
 v - a wand of polymorph (5)
 y - a wand of acid (5) {@v1}
 P - a wand of flame (32) {@v4}
Scrolls
 c - 4 scrolls of fear {!r}
 j - a scroll of teleportation {@r3 !r}
 p - a scroll of fog {!r}
 r - a scroll of immolation
 t - a scroll of magic mapping {@r5 !r}
 z - 3 scrolls of enchant weapon
 E - 2 scrolls of remove curse {@r2}
Potions
 d - a potion of might {@q3 !q}
 e - a potion of heal wounds {@q2 !q}
 g - 3 potions of haste {@q4 !q}
 l - a potion of curing {@q1 !q}
 s - a potion of mutation
 x - 2 potions of lignification {@q6}
 D - a potion of resistance
 F - a potion of stabbing {unknown}
 H - a potion of cancellation {unknown}
 M - a potion of ambrosia {unknown}
Miscellaneous
 a - a lightning rod (4/4)


   Skills:
 + Level 9.9 Fighting
 - Level 18.0 Axes
 + Level 7.8 Armour
 + Level 6.8 Dodging
 + Level 13.6 Shields
 - Level 18.0 Invocations
 - Level 6.0 Evocations


You had 15 spell levels left.
You didn't know any spells.
Your spell library contained the following spells:

 Spells                   Type           Power        Failure   Level
 Magic Dart               Conj           #...         95%         1
 Blink                    Tloc           N/A          99%         2
 Call Imp                 Summ           #.......     99%         2
 Slow                     Hex            #.......     99%         2
 Conjure Flame            Conj/Fire      #.......     100%        3
 Mephitic Cloud           Conj/Pois/Air  #.......     100%        3


Dungeon Overview and Level Annotations

Branches:
Dungeon (10/15)              Lair (4/6) D:8          Shoals (4/4) Lair:3
 Spider (4/4) Lair:3          Orc (2/2) D:10            Elf (0/3) Orc:2
  Sewer (visited)
 Temple: D:4-7

Altars:
Gozag
Makhleb
Nemelex Xobeh
Okawaru
Xom
Zin
Beogh

Shops:
Orc:1 [   Orc:2 !=[(

Portals:
Trove: D:10 (give 6 scrolls of blinking)


Innate Abilities, Weirdness & Mutations

You are resistant to damage.
You can heal yourself by infusing magical energy.
You resist negative energy. (rN+)
You passively map the area around you.
You do not regenerate.
[Your body often deteriorates upon taking damage.]
[You are very dopey. (Int -4)]
[Your magical capacity is extremely low. (-30% MP)]
[You are very weak. (Str -4)]


Message History

You destroy the wretched star!
Makhleb accepts your kill.
You feel better.
You closely miss the mad acolyte of Lugonu.
You block the mad acolyte of Lugonu's attack.
You barely miss the mad acolyte of Lugonu.
The mad acolyte of Lugonu is lightly wounded.
You block the mad acolyte of Lugonu's attack.
The merfolk avatar chants a haunting song.
You resist with almost no effort. The eldritch tentacle slaps you.
The eldritch tentacle shocks you. You resist.
You block the eldritch tentacle's attack.
You slash the mad acolyte of Lugonu!
The mad acolyte of Lugonu is moderately wounded.
You hit the eldritch tentacle.
The mad acolyte of Lugonu hits you but does no damage.
Space warps horribly around you!!
Your body deteriorates!
You feel clumsy.
You block the eldritch tentacle's attack. x2
The mad acolyte of Lugonu misses you.
You barely miss the mad acolyte of Lugonu.
The mad acolyte of Lugonu is moderately wounded.
You slash the eldritch tentacle!
The merfolk avatar chants a haunting song.
You resist with almost no effort.
The eldritch tentacle slaps you but does no damage.
You block the eldritch tentacle's attack.
The mad acolyte of Lugonu closely misses you.
You slice the mad acolyte of Lugonu!!
The mad acolyte of Lugonu is severely wounded.
You slash the eldritch tentacle!
The eldritch tentacle barely misses you.
The eldritch tentacle claws you!
You suddenly lose the ability to move!
The merfolk avatar chants a haunting song.
You resist with almost no effort.
The mad acolyte of Lugonu casts a spell at you.
Something smites you!
The eldritch tentacle slaps you but does no damage.
The eldritch tentacle claws you but does no damage.
The merfolk avatar chants a haunting song.
You resist with almost no effort. The eldritch tentacle slaps you.
You are engulfed in flames!!
* * * LOW HITPOINT WARNING * * *
Your body deteriorates!
You feel weakened. The eldritch tentacle claws you!!
* * * LOW HITPOINT WARNING * * *
Your body deteriorates!
You feel clumsy.
You wobble for a moment.
The mad acolyte of Lugonu hits you but does no damage.
The merfolk avatar chants a haunting song.
You resist with almost no effort.
You can move again.
You don't have enough innate magic capacity.
Really quaff
e - 3 potions of heal wounds {@q2 !q}?
You feel much better.
The eldritch tentacle closely misses you.
You block the eldritch tentacle's attack.
The mad acolyte of Lugonu casts a spell at you.
Something smites you!
* * * LOW HITPOINT WARNING * * *
The eldritch tentacle slaps you but does no damage.
The eldritch tentacle claws you!
* * * LOW HITPOINT WARNING * * *
You are slowing down.
Okay, then.
Okay, then.
Really quaff
e - 2 potions of heal wounds {@q2 !q}?
You feel much better.
The merfolk avatar chants a haunting song.
You resist with almost no effort.
The mad acolyte of Lugonu hits you with a +2 dagger of distortion.
Space bends around you. The eldritch tentacle slaps you!
The eldritch tentacle shocks you. You resist. The eldritch tentacle claws you.
The eldritch tentacle freezes you! You resist.
The eldritch tentacle slaps you but does no damage.
The eldritch tentacle claws you!
* * * LOW HITPOINT WARNING * * *
The eldritch tentacle shocks you! You resist.
* * * LOW HITPOINT WARNING * * *
The mad acolyte of Lugonu hits you with a +2 dagger of distortion.
* * * LOW HITPOINT WARNING * * *
You wobble for a moment.
You have turned to stone.
The eldritch tentacle slaps you but does no damage.
The eldritch tentacle claws you!!
* * * LOW HITPOINT WARNING * * *
The eldritch tentacle freezes you!! You resist.
* * * LOW HITPOINT WARNING * * *
The mad acolyte of Lugonu gestures at you while chanting.
You blink.
The eldritch tentacle slaps you but does no damage.
The eldritch tentacle claws you!
* * * LOW HITPOINT WARNING * * *
You are engulfed in flames!
* * * LOW HITPOINT WARNING * * *
An eldritch tentacle segment comes into view.
The merfolk avatar chants a haunting song.
You resist with almost no effort. The eldritch tentacle slaps you!
* * * LOW HITPOINT WARNING * * *
The eldritch tentacle freezes you! You resist.
You die...

. ..# # # .. .#
## # #..
#.###########'#
#≈#≈#≈##≈#..#
##+..........#
##.#...w∩≈≈#.##
#.##.p<)@≈m≈.≈#
##.#.§.*†≈≈#.##
##'..).......
#≈#≈#≈##≈#..#
#.###### ## #'.
## .


You could see an eldritch tentacle, a merfolk avatar and a mad acolyte of
Lugonu.

Vanquished Creatures
  Arachne (Spider:2)
  A tentacled monstrosity (Abyss:5)
  3 tentacled starspawn
  3 eldritch tentacles (Abyss:5)
  Polyphemus (Shoals:4)
  Ilsuiw (Shoals:4)
  Aizul (Spider:4)
  4 ghost moths (Spider:4)
  2 emperor scorpions (Spider:4)
  An entropy weaver (Spider:4)
  A starcursed mass (Abyss:5)
  A lorocyproca (Abyss:4)
  2 spark wasps (Spider:4)
  2 wizards (Abyss:5)
  6 merfolk javelineers (Shoals:4)
  A blizzard demon (Abyss:5)
  7 merfolk impalers
  A vault guard (D:10)
  2 merfolk aquamancers (Shoals:4)
  2 merfolk avatars
  A hydra (Lair:3)
  An alligator snapping turtle (Shoals:4)
  A two-headed ogre (D:10)
  A catoblepas (Shoals:4)
  3 death yaks (Shoals:4)
  A thrashing horror (Abyss:4)
  2 wretched stars
  A spatial maelstrom (Abyss:4)
  5 sea snakes
  A sixfirhy (Abyss:5)
  A lindwurm (Spider:4)
  8 harpies
  4 fauns (Shoals:1)
  14 orb spiders
  19 wolf spiders
  3 orc sorcerers
  6 manticores
  3 large abominations
  2 cyclopes
  4 merfolk sirens
  4 water nymphs
  2 black mambas
  2 cane toads (Lair:2)
  A centaur skeleton (D:10)
  A torpor snail (Spider:4)
  A smoke demon (Abyss:4)
  3 demonic crawlers
  2 komodo dragons (Lair:2)
  4 ancient zymes
  14 merfolk
  A troll (Orc:2)
  4 wind drakes (Shoals:4)
  15 jumping spiders
  3 raiju (Abyss:4)
  6 blink frogs
  6 hornets
  7 dream sheep
  4 snapping turtles
  A hippogriff (Lair:3)
  19 tarantellas
  25 redbacks
  2 water elementals (Shoals:4)
  A hog (D:10)
  A neqoxec (Abyss:4)
  A warg (Orc:2)
  4 water moccasins
  5 porcupines
  Duvessa (D:4)
  2 swamp drakes
  An eye of draining (D:9)
  19 orc warriors
  2 ice beasts
  6 ogres
  Purgy (D:4)
  A small abomination (Abyss:5)
  4 centaurs
  5 crocodiles
  A wyvern zombie (D:8)
  8 bullfrogs
  A gnoll sergeant (D:10)
  2 scorpions
  Dowan (D:4)
  2 killer bees (D:8)
  3 howler monkeys (D:10)
  A quasit (D:8)
  13 orc priests
  2 hounds
  12 orc wizards
  Natasha (D:4)
  A worker ant (D:4)
  2 iguanas (D:8)
  A worker ant zombie (D:8)
  7 gnolls
  3 adders
  2 river rats (D:4)
  2 white imps
  2 ufetubi
  An ooze (D:4)
  2 leopard geckos
  58 orcs
  4 giant cockroaches
  4 hobgoblins
  15 jackals
  A kobold (D:2)
  A quokka (D:3)
  2 bats (D:3)
  3 frilled lizards
  3 goblins
  A jackal skeleton (D:8)
  A quokka skeleton (D:4)
  3 rats
  2 bushes (Lair:1)
  4 fungi
  A plant (D:8)
  5 starspawn tentacles
483 creatures vanquished.

Vanquished Creatures (collateral kills)
  A shadow dragon (Orc:2)
  An entropy weaver (Spider:4)
  A spark wasp (Spider:4)
  2 two-headed ogres
  A wretched star (Abyss:4)
  An orc knight (Orc:2)
  A wolf spider (Spider:2)
  2 orb spiders (Spider:4)
  A harpy (Shoals:4)
  A manticore (D:8)
  An orc sorcerer (Orc:2)
  A smoke demon (Abyss:4)
  2 merfolk (Shoals:4)
  A hippogriff (D:8)
  3 tarantellas
  3 redbacks
  A warg (Orc:2)
  4 porcupines
  6 orc warriors (Orc:2)
  An ice beast (Orc:2)
  An ogre (Orc:2)
  2 black bears (D:8)
  A crocodile (D:8)
  2 bullfrogs (D:8)
  A big kobold (Orc:2)
  A scorpion (D:8)
  A jelly (D:8)
  2 orc priests (Orc:2)
  2 orc wizards (Orc:2)
  A worker ant (D:8)
  A river rat (Orc:2)
  An ufetubus (D:8)
  A leopard gecko (D:8)
  5 orcs
  A plant (D:8)
58 creatures vanquished.

Vanquished Creatures (others)
  A jumping spider (Spider:1)
  A hippogriff (D:10)
  An orc warrior (Orc:2)
  An orc wizard (D:4)
  2 orcs (Orc:2)
  A bush (D:10)
  2 fungi (D:8)
  3 plants
  7 starspawn tentacles
19 creatures vanquished.

Grand Total: 560 creatures vanquished

Notes
Turn   | Place    | Note
-------+----------+-------------------------------------------
     0 | D:1      | EnegeticOcto the Deep Dwarf Fighter began the quest for the
                  | Orb.
     0 | D:1      | Reached XP level 1. HP: 20/20 MP: 1/1
   151 | D:2      | Reached skill level 3 in Axes
   151 | D:2      | Reached XP level 2. HP: 13/27 MP: 2/2
   191 | D:3      | Found a sparkling altar of Nemelex Xobeh.
   199 | D:3      | Became a worshipper of Nemelex Xobeh the Trickster
   221 | D:3      | Reached XP level 3. HP: 26/33 MP: 3/3
   252 | D:3      | Noticed an ogre
   260 | D:3      | Reached skill level 1 in Invocations
   280 | D:3      | Your magical essence is drained by the effort!
   289 | D:3      | Killed an ogre
   289 | D:3      | Reached skill level 5 in Axes
   289 | D:3      | Reached skill level 2 in Invocations
   289 | D:3      | Reached XP level 4. HP: 24/40 MP: 2/5
   290 | D:3      | Your magical essence is drained by the effort!
   320 | D:4      | Reached skill level 3 in Invocations
   320 | D:4      | Reached XP level 5. HP: 37/46 MP: 5/5
   348 | D:4      | Noticed Duvessa
   356 | D:4      | Your magical essence is drained by the effort!
   356 | D:4      | Noticed Dowan
   360 | D:4      | Your magical essence is drained by the effort!
   361 | D:4      | Your magical essence is drained by the effort!
   371 | D:4      | Killed Dowan
   371 | D:4      | Reached skill level 6 in Axes
   371 | D:4      | Reached skill level 4 in Invocations
   371 | D:4      | Reached XP level 6. HP: 31/55 MP: 2/4
   389 | D:4      | Killed Duvessa
   405 | D:4      | Found a glowing drain.
   409 | Sewer    | Entered a sewer
   446 | D:3      | Received a gift from Nemelex Xobeh
   488 | D:3      | Reached skill level 7 in Axes
   495 | D:3      | Reached skill level 5 in Invocations
   495 | D:3      | Reached XP level 7. HP: 46/61 MP: 5/5
   537 | D:3      | Found an iron altar of Okawaru.
   606 | D:4      | Noticed Purgy
   609 | D:4      | Noticed Natasha
   615 | D:4      | Killed Purgy
   619 | D:4      | Killed Natasha
   636 | D:5      | Entered Level 5 of the Dungeon
   646 | D:5      | Reached * piety under Nemelex Xobeh
   672 | D:5      | Found a glowing silver altar of Zin.
   682 | D:5      | Reached skill level 8 in Axes
   741 | D:6      | Reached skill level 6 in Invocations
   803 | D:7      | Found an opulent altar of Gozag.
   817 | D:8      | Noticed a hippogriff
   819 | D:8      | Noticed a manticore
   826 | D:8      | Killed a manticore
   826 | D:8      | Reached skill level 9 in Axes
   826 | D:8      | Reached skill level 7 in Invocations
   826 | D:8      | Reached XP level 8. HP: 51/68 MP: 6/8
   828 | D:8      | Killed a hippogriff
   833 | D:8      | Noticed a two-headed ogre
   838 | D:8      | Killed a two-headed ogre
   838 | D:8      | Reached skill level 10 in Axes
   838 | D:8      | Reached skill level 8 in Invocations
   840 | D:8      | Gained mutation: You passively map the area around you.
                  | [Deep Dwarf growth]
   840 | D:8      | Reached XP level 9. HP: 51/74 MP: 7/10
   842 | D:8      | Found a staircase to the Lair.
   843 | D:8      | Your magical essence is drained by the effort!
   848 | D:8      | Reached skill level 11 in Axes
   861 | D:8      | Your magical essence is drained by the effort!
   871 | D:8      | Reached ** piety under Nemelex Xobeh
   917 | D:8      | Reached skill level 9 in Invocations
  1003 | D:8      | Noticed an ogre mage
  1013 | D:8      | You fall into a shaft and drop 2 floors!
  1013 | D:10     | Entered Level 10 of the Dungeon
  1013 | D:10     | Noticed a two-headed ogre
  1030 | D:10     | Killed a two-headed ogre
  1030 | D:10     | Reached skill level 12 in Axes
  1030 | D:10     | Reached skill level 10 in Invocations
  1056 | D:10     | Reached XP level 10. HP: 64/81 MP: 10/10
  1076 | D:10     | Reached skill level 13 in Axes
  1104 | D:10     | Found a staircase to the Orcish Mines.
  1137 | Orc:1    | Entered Level 1 of the Orcish Mines
  1153 | Orc:1    | Your magical essence is drained by the effort!
  1180 | Orc:1    | Found Yngiz's Armour Emporium.
  1241 | Orc:1    | Noticed an orc sorcerer
  1248 | Orc:1    | Reached skill level 3 in Fighting
  1249 | Orc:1    | Killed an orc sorcerer
  1249 | Orc:1    | Reached skill level 11 in Invocations
  1284 | Orc:1    | Received a gift from Nemelex Xobeh
  1364 | Orc:2    | Entered Level 2 of the Orcish Mines
  1368 | Orc:2    | Found a roughly hewn altar of Beogh.
  1385 | Orc:2    | Noticed an orc knight
  1412 | Orc:2    | Killed an orc knight
  1426 | Orc:2    | Reached *** piety under Nemelex Xobeh
  1434 | Orc:2    | Noticed Maurice
  1435 | Orc:2    | Noticed an orc sorcerer
  1437 | Orc:2    | Noticed Maurice
  1437 | Orc:2    | Maurice changed into Maurice the swamp drake
  1450 | Orc:2    | Your magical essence is drained by the effort!
  1451 | Orc:2    | Killed an orc sorcerer
  1451 | Orc:2    | Reached skill level 4 in Fighting
  1455 | Orc:2    | Killed Maurice the swamp drake
  1497 | Orc:2    | Reached skill level 14 in Axes
  1515 | Orc:2    | Your magical essence is drained by the effort!
  1519 | Orc:2    | Your magical essence is drained by the effort!
  1530 | Orc:2    | Found a roughly hewn altar of Beogh.
  1562 | Orc:2    | Found Uso Zaah's Jewellery Boutique.
  1571 | Orc:2    | Your magical essence is drained by the effort!
  1579 | Orc:2    | Found a staircase to the Elven Halls.
  1624 | Orc:2    | Found a roughly hewn altar of Beogh.
  1624 | Orc:2    | Found Teziri's Distillery.
  1635 | Orc:2    | Your magical essence is drained by the effort!
  1637 | Orc:2    | Your magical essence is drained by the effort!
  1676 | Orc:2    | Reached XP level 11. HP: 56/93 MP: 5/5
  1724 | Orc:2    | Noticed an orc sorcerer
  1724 | Orc:2    | Identified the +0 trident of Subterfuge {vorpal, *Contam
                  | Str+4 Stlth+}
  1726 | Orc:2    | Reached skill level 12 in Invocations
  1728 | Orc:2    | Your magical essence is drained by the effort!
  1729 | Orc:2    | Paralysed by an orc sorcerer for 6 turns
  1731 | Orc:2    | Killed an orc sorcerer
  1737 | Orc:2    | Noticed Saint Roka
  1749 | Orc:2    | Noticed an orc sorcerer
  1751 | Orc:2    | Noticed a sun demon
  1755 | Orc:2    | Noticed a soul eater
  1756 | Orc:2    | Killed an orc sorcerer
  1756 | Orc:2    | Reached skill level 5 in Fighting
  1758 | Orc:2    | Noticed Saint Roka
  1758 | Orc:2    | Saint Roka changed into Saint Roka the shadow dragon
  1767 | Orc:2    | Killed Saint Roka the shadow dragon
  1768 | Orc:2    | Your magical essence is drained by the effort!
  1783 | Orc:2    | Found Bymossy's Antique Armour Shop.
  1784 | Orc:2    | Found a roughly hewn altar of Beogh.
  1787 | Orc:2    | Found Joabb's Antique Weapon Boutique.
  1792 | Orc:2    | Bought a twisted broad axe for 261 gold pieces
  1792 | Orc:2    | Identified the +6 broad axe "Zeositoi" {vorpal, Str+3} (You
                  | bought it in a shop on level 2 of the Orcish Mines)
  1799 | Orc:2    | Bought an ancient kite shield for 323 gold pieces
  1809 | Orc:2    | Identified the +4 kite shield "Koezxoan" {Str+4} (You
                  | bought it in a shop on level 2 of the Orcish Mines)
  1809 | Orc:2    | Bought an embroidered hat for 238 gold pieces
  1933 | D:10     | Received a gift from Nemelex Xobeh
  1945 | D:10     | Noticed a vault guard
  1949 | D:10     | Killed a vault guard
  1949 | D:10     | Reached skill level 15 in Axes
  1953 | D:10     | Found a portal to a secret trove of treasure.
  2050 | D:9      | Noticed a two-headed ogre
  2062 | D:9      | Killed a two-headed ogre
  2152 | D:9      | Found a shimmering altar of Xom.
  2311 | D:9      | Found a burning altar of Makhleb.
  2316 | D:9      | Fell from the grace of Nemelex Xobeh
  2316 | D:9      | Became a worshipper of Makhleb the Destroyer
  2375 | Lair:1   | Entered Level 1 of the Lair of Beasts
  2471 | Lair:2   | Reached skill level 6 in Fighting
  2473 | Lair:2   | Your magical essence is drained by the effort!
  2558 | Lair:2   | Reached skill level 13 in Invocations
  2590 | Lair:2   | Reached skill level 4 in Shields
  2622 | Lair:2   | Reached * piety under Makhleb
  2774 | Lair:2   | Reached XP level 12. HP: 80/106 MP: 4/4
  2857 | Lair:3   | Noticed a seven-headed hydra
  2864 | Lair:3   | Killed a seven-headed hydra
  2876 | Lair:3   | Found a staircase to the Shoals.
  2927 | Shoals:1 | Entered Level 1 of the Shoals
  2945 | Shoals:1 | Your magical essence is drained by the effort!
  2951 | Shoals:1 | Reached skill level 5 in Shields
  2951 | Shoals:1 | Reached skill level 16 in Axes
  2975 | Shoals:1 | Reached skill level 7 in Fighting
  2993 | Shoals:2 | Noticed a merfolk avatar
  3006 | Shoals:2 | Killed a merfolk avatar
  3006 | Shoals:2 | Reached ** piety under Makhleb
  3006 | Shoals:2 | Reached skill level 1 in Evocations
  3014 | Shoals:2 | Reached skill level 2 in Evocations
  3076 | Shoals:2 | Reached skill level 3 in Evocations
  3088 | Shoals:2 | Noticed a merfolk impaler
  3101 | Shoals:2 | Killed a merfolk impaler
  3101 | Shoals:2 | Reached skill level 6 in Shields
  3116 | Shoals:2 | Reached skill level 4 in Evocations
  3149 | Shoals:3 | Reached skill level 14 in Invocations
  3159 | Shoals:3 | Reached skill level 5 in Evocations
  3188 | Shoals:4 | Entered Level 4 of the Shoals
  3228 | Shoals:4 | Reached XP level 13. HP: 68/116 MP: 5/5
  3258 | Shoals:4 | Noticed a merfolk impaler
  3277 | Shoals:4 | Killed a merfolk impaler
  3277 | Shoals:4 | Reached skill level 6 in Evocations
  3282 | Shoals:4 | Got a crude hunting sling
  3283 | Shoals:4 | Identified the +9 hunting sling of Gozag's Scorn {flame,
                  | rPois rF- Str+8 Dex+3} (You found it on level 4 of the
                  | Shoals)
  3317 | Shoals:4 | Reached *** piety under Makhleb
  3332 | Shoals:4 | Noticed Polyphemus
  3359 | Shoals:4 | Noticed a merfolk javelineer
  3363 | Shoals:4 | Your magical essence is drained by the effort!
  3405 | Shoals:4 | Reached skill level 17 in Axes
  3424 | Shoals:4 | Killed a merfolk javelineer
  3424 | Shoals:4 | Reached skill level 7 in Shields
  3432 | Shoals:4 | Reached skill level 8 in Fighting
  3452 | Shoals:4 | Killed Polyphemus
  3491 | Shoals:4 | Noticed a merfolk impaler
  3498 | Shoals:4 | Your magical essence is drained by the effort!
  3508 | Shoals:4 | Killed a merfolk impaler
  3510 | Shoals:4 | Reached skill level 8 in Shields
  3532 | Shoals:4 | Noticed a merfolk javelineer
  3532 | Shoals:4 | Noticed Ilsuiw
  3532 | Shoals:4 | Noticed a merfolk javelineer
  3532 | Shoals:4 | Noticed a merfolk javelineer
  3532 | Shoals:4 | Noticed a merfolk impaler
  3536 | Shoals:4 | Killed a merfolk javelineer
  3536 | Shoals:4 | Killed a merfolk javelineer
  3536 | Shoals:4 | Killed a merfolk impaler
  3536 | Shoals:4 | Reached skill level 15 in Invocations
  3538 | Shoals:4 | Noticed a merfolk impaler
  3538 | Shoals:4 | Killed a merfolk javelineer
  3538 | Shoals:4 | Reached skill level 18 in Axes
  3539 | Shoals:4 | Killed Ilsuiw
  3539 | Shoals:4 | Reached skill level 9 in Shields
  3547 | Shoals:4 | Your magical essence is drained by the effort!
  3553 | Shoals:4 | Killed a merfolk impaler
  3576 | Shoals:4 | Gained mutation: You resist negative energy. (rN+) [Deep
                  | Dwarf growth]
  3576 | Shoals:4 | Reached XP level 14. HP: 115/126 MP: 4/4
  3639 | Shoals:4 | Reached skill level 10 in Shields
  3646 | Shoals:4 | Got a clouded turquoise ring
  3648 | Shoals:4 | Identified the ring "Iptazukk" {rElec rN+ MR+++ Str+4 Int-2
                  | Dex-5} (You found it on level 4 of the Shoals)
  3775 | Shoals:4 | Your magical essence is drained by the effort!
  3780 | Shoals:4 | Your magical essence is drained by the effort!
  3801 | Shoals:4 | Reached skill level 11 in Shields
  3823 | Shoals:4 | Reached skill level 12 in Shields
  3837 | Shoals:4 | Got a barnacled rune of Zot
  3983 | Lair:3   | Found a hole to the Spider Nest.
  3995 | Spider:1 | Entered Level 1 of the Spider Nest
  4000 | Spider:1 | Reached **** piety under Makhleb
  4044 | Spider:1 | Reached skill level 1 in Dodging
  4088 | Spider:2 | Noticed Arachne
  4118 | Spider:2 | Reached skill level 2 in Dodging
  4121 | Spider:2 | Reached skill level 4 in Armour
  4123 | Spider:2 | Killed Arachne
  4171 | Spider:2 | Reached skill level 3 in Dodging
  4217 | Spider:4 | Entered Level 4 of the Spider Nest
  4312 | Spider:4 | Noticed Aizul
  4324 | Spider:4 | Reached skill level 5 in Armour
  4324 | Spider:4 | Reached skill level 16 in Invocations
  4350 | Spider:4 | Killed Aizul
  4359 | Spider:4 | Noticed an entropy weaver
  4366 | Spider:4 | Killed an entropy weaver
  4366 | Spider:4 | Reached XP level 15. HP: 84/134 MP: 4/4
  4369 | Spider:4 | Reached skill level 4 in Dodging
  4423 | Spider:4 | Reached ***** piety under Makhleb
  4436 | Spider:4 | Noticed a ghost moth
  4444 | Spider:4 | Killed a ghost moth
  4444 | Spider:4 | Reached skill level 9 in Fighting
  4492 | Spider:4 | Reached skill level 6 in Armour
  4502 | Spider:4 | Noticed a ghost moth
  4509 | Spider:4 | Noticed a ghost moth
  4521 | Spider:4 | Killed a ghost moth
  4521 | Spider:4 | Killed a ghost moth
  4521 | Spider:4 | Reached skill level 5 in Dodging
  4521 | Spider:4 | Reached skill level 13 in Shields
  4522 | Spider:4 | XOM: polymorph tarantella -> lindwurm
  4543 | Spider:4 | Reached skill level 17 in Invocations
  4582 | Spider:4 | Noticed a ghost moth
  4591 | Spider:4 | Killed a ghost moth
  4623 | Spider:4 | Got a gossamer rune of Zot
  4724 | Spider:2 | Paralysed by a hornet for 2 turns
  4978 | D:10     | Noticed Sonja
  4980 | D:10     | Noticed Sonja
  4980 | D:10     | Sonja changed into Sonja the hog
  4982 | D:10     | Killed Sonja the hog
  4999 | D:10     | Cast into level 4 of the Abyss (unwielding a weapon of
                  | distortion)
  5019 | Abyss:4  | Gained mutation: [Your magical capacity is low. (-10% MP)]
                  | [mutagenic glow]
  5065 | Abyss:4  | Noticed a tentacled starspawn
  5078 | Abyss:4  | Reached skill level 7 in Armour
  5080 | Abyss:4  | Killed a tentacled starspawn
  5080 | Abyss:4  | Reached skill level 6 in Dodging
  5245 | Abyss:5  | Entered Level 5 of the Abyss
  5246 | Abyss:5  | Found a burning altar of Makhleb.
  5254 | Abyss:5  | Got a masterwork hand axe
  5289 | Abyss:5  | Noticed a tentacled starspawn
  5297 | Abyss:5  | Found a corrupted altar of Lugonu.
  5300 | Abyss:5  | Noticed a tentacled monstrosity
  5300 | Abyss:5  | Noticed a tentacled starspawn
  5306 | Abyss:5  | Your magical essence is drained by the effort!
  5331 | Abyss:5  | Killed a tentacled starspawn
  5334 | Abyss:5  | Killed a tentacled starspawn
  5334 | Abyss:5  | Reached XP level 16. HP: 145/145 MP: 2/2
  5350 | Abyss:5  | Got an abyssal rune of Zot
  5351 | Abyss:5  | Killed a tentacled monstrosity
  5351 | Abyss:5  | Reached skill level 18 in Invocations
  5387 | Abyss:5  | Paralysed by an eldritch tentacle for 2 turns
  5391 | Abyss:5  | HP: 2/146 [eldritch tentacle[a mad acolyte of Lugonu] (8)]
  5392 | Abyss:5  | Slain by an eldritch tentacle

Illustrated notes

Levels and vault maps discovered:
D:1:      minmay_arrival_nine_rooms, layout_basic, st_stairs_13
D:2:      layout_basic, hangedman_decor_growths
D:3:      layout_rooms, nemelex_xobeh_ov_fountains_minmay,
          okawaru_metal_pillars_1_2
D:4:      minmay_wonky_spiral, layout_cave_pools, gup_sewer_entry_bowl,
          nicolae_underground_beach, uniq_natasha, uniq_purgy, uniq_duvessa
D:5:      layout_basic, kennysheep_mini, minmay_misc_feat_room,
          uniq_crazy_yiuf_cottage
D:6:      layout_gridville, minmay_temple_entry_mist
D:7:      layout_basic, grunt_gozag_breadcrumbs,
          grunt_dithmenos_smoke_and_mirrors
D:8:      lemuel_ice_statue, layout_rooms, due_lair_maze_entry_diamond,
          nzn_random_ring
D:9:      layout_loops_corners, kennysheep_little_box, lemuel_crystal_altar,
          serial_bayou, serial_bayou_shore_a, serial_bayou_lagoon_a,
          serial_bayou_pond_d, serial_bayou_pond_d, minivault_4
D:10:     layout_long_grid, erik_orc_1, special_room [special_room_bee],
          enter_trove_5, minmay_hedge_maze, nicolae_lava_and_water, uniq_sonja
Lair:1:   layout_layer_cave, serial_forest, infiniplex_forest_corner_2,
          infiniplex_forest_end_3, infiniplex_forest_zigzag_2,
          infiniplex_forest_diagonal, infiniplex_forest_clump_medium,
          infiniplex_forest_corner_1, infiniplex_forest_straight_2,
          infiniplex_forest_corner_1, infiniplex_forest_end_1
Lair:2:   layout_regular_city
Lair:3:   layout_roguey, shoals_dummy_entry, nicolae_spider_entry_orb_guardian
Lair:4:   layout_regular_city, basic_altar, grunt_megastairs_4,
          serial_bayou_shore_b, uniq_rupert
Shoals:1: layout_shoals, st_cyclops
Shoals:2: layout_shoals
Shoals:3: layout_shoals, serial_shops, nicolae_shop_trees
Shoals:4: shoals_end_simple, layout_shoals, shoals_ilsuiw_alternative,
          uniq_polyphemus
Spider:1: layout_spider_delve, uniq_frances
Spider:2: layout_spider_delve, hangedman_spider_mandibles,
          nicolae_spider_circle_web, uniq_arachne
Spider:3: layout_spider_delve, uniq_agnes
Spider:4: johnstein_spider_rune_arachne_lair, uniq_aizul
Orc:1:    layout_diamond_mine, serial_shops,
          nicolae_shop_temple_entry_statues_fountains, uniq_erolcha
Orc:2:    grunt_orc_community_town_hall, layout_caves,
          grunt_orc_community_big_house_2, grunt_orc_community_big_house_1,
          grunt_orc_community_house_1, grunt_orc_community_house_3,
          grunt_orc_community_house_1, grunt_orc_community_house_2,
          grunt_orc_community_house_3, uniq_maurice
Abyss:5:  base: Lair:1, nicolae_abyss_rune_star_stuff,
          guppyfry_abyss_exit_spiral_guarded, serial_sigils_hangedman_snap,
          patterned_corridor, hangedman_shadowy_showcase,
          evilmike_abyss_rune_siren_acolytes,
          evilmike_abyss_rune_siren_acolytes, due_exit_kobolds,
          evilmike_abyss_exit_12

Skill      XL: |  1  2  3  4  5  6  7  8  9 10 11 12 13 14 15 16 |
---------------+-------------------------------------------------+-----
Axes           | 3 5 6 7 9 10 12 14 15 16 18 | 18.0
Invocations    | 2 3 4 5 7 8 10 11 13 14 15 16 17 18 | 18.0
Fighting       | 4 6 7 8 9 |  9.9
Shields        | 4 6 9 12 13 | 13.6
Evocations     | 5 6 |  6.0
Dodging        | 3 6 |  6.8
Armour         | 5 7 |  7.8

Action                   |  1- 3 |  4- 6 |  7- 9 | 10-12 | 13-15 | 16-18 || total
-------------------------+-------+-------+-------+-------+-------+-------++-------
Melee: War axe           |    73 |    66 |   149 |   186 |       |       ||   474
       Broad axe         |       |       |       |   267 |   568 |    32 ||   867
       Unarmed           |       |       |       |       |     1 |       ||     1
Invok: Draw Destruction  |       |       |     2 |     5 |       |       ||     7
       Draw Summoning    |       |       |     2 |     7 |       |       ||     9
       Draw Escape       |       |       |       |     3 |       |       ||     3
       Lesser Servant of |       |       |       |       |    22 |       ||    22
       Greater Servant o |       |       |       |       |     2 |       ||     2
 Abil: Heal Wounds       |     7 |    10 |    14 |    48 |    37 |     1 ||   117
Evoke: Wand              |       |       |     4 |    18 |    35 |       ||    57
       Lightning rod     |       |       |       |       |    14 |       ||    14
  Use: Scroll            |       |       |       |    14 |    15 |       ||    29
       Potion            |       |       |       |     2 |    10 |     2 ||    14
 Stab: Distracted        |       |       |     1 |       |     5 |       ||     6
       Confused          |       |       |     1 |     1 |       |       ||     2
       Petrified         |       |       |       |     1 |       |       ||     1
Armor: Scale mail        |    57 |    52 |     9 |       |       |       ||   118
       Chain mail        |       |       |   133 |   161 |   257 |    19 ||   570
Dodge: Dodged            |    36 |    41 |    51 |   105 |   194 |    10 ||   437
Block: Kite shield       |    75 |    68 |   109 |   307 |   563 |    24 ||  1146

Table legend: (Time is in decaauts)
 A = Elapsed time spent in this place.
 B = Non-inter-level travel time spent in this place.
 C = Inter-level travel time spent in this place.
 D = Time resting spent in this place.
 E = Time spent auto-exploring this place.
 F = Levels seen in this place.
 G = Mean time per level.
                   A        B        C        D        E       F      G
               +--------+--------+--------+--------+--------+-----+--------+
         Total |   5285 |   5110 |    175 |      0 |      0 |  27 |  195.7 |
       Dungeon |   1790 |   1727 |     63 |      0 |      0 |  10 |  179.0 |
          Lair |    659 |    593 |     66 |      0 |      0 |   4 |  164.8 |
        Shoals |   1013 |   1013 |      0 |      0 |      0 |   4 |  253.2 |
   Spider Nest |    694 |    694 |      0 |      0 |      0 |   4 |  173.5 |
  Orcish Mines |    764 |    719 |     45 |      0 |      0 |   2 |  382.0 |
         Abyss |    347 |    347 |      0 |      0 |      0 |   2 |  173.5 |
         Sewer |     15 |     15 |      0 |      0 |      0 |   1 |   15.0 |
               +--------+--------+--------+--------+--------+-----+--------+

Top non-repeatable levels by time:
Shoals:4: 669 daAuts
   Orc:2: 523 daAuts
     D:9: 431 daAuts
Spider:4: 404 daAuts
  Lair:2: 317 daAuts
     D:3: 284 daAuts
     D:8: 261 daAuts
   Orc:1: 240 daAuts
 Abyss:4: 227 daAuts
    D:10: 219 daAuts
  Lair:3: 217 daAuts
Shoals:2: 190 daAuts
     D:4: 173 daAuts
     D:2: 133 daAuts
  Lair:1: 123 daAuts
